 Dungeon Crawl Stone Soup version 0.31.0-11-ge490571c62 (webtiles) character file.

Game seed: 12539350410833427119

730 EvilDarkOverLord the Trooper (level 7, -4/64 HPs)
             Began as a Minotaur Fighter on Feb 1, 2024.
             Succumbed to their own poison gas
             ... on level 5 of the Dungeon.
             The game lasted 00:54:20 (2175 turns).

EvilDarkOverLord the Trooper (Minotaur Fighter)     Turns: 2175, Time: 00:54:21

Health: -4/64      AC:  8    Str: 22    XL:     7   Next: 44%
Magic:  6/6        EV:  9    Int:  5    God:
Gold:   261        SH:  0    Dex: 16    Spells: 6/6 levels left

rFire   + + .        a - +0 long sword
rCold   + . .        c - +1 buckler
rNeg    . . .        b - +0 scale mail
rPois   +            (helmet restricted)
rElec   +            (no cloak)
rCorr   +            (no gloves)
SInv    .            d - +0 pair of boots
Will    .....        (no amulet) Stlth
                     i - ring of protection from fire
HPRegen 0.30/turn    m - +6 ring of dexterity
MPRegen 0.10/turn

%: no passive effects
@: confused, lethally poisoned (-4 -> -24), resistant
A: horns 2, retaliatory headbutt
a: no special abilities


You were on level 5 of the Dungeon.
You visited 1 branch of the dungeon, and saw 5 of its levels.

You collected 261 gold pieces.

Inventory:

Hand Weapons
 a - a +0 long sword (weapon)
 e - a +0 rapier
 g - a +0 short sword
 r - a +0 sling
 s - a +1 dagger of holy wrath
Missiles
 h - 10 stones (quivered)
 j - 2 boomerangs
Armour
 b - a +0 scale mail (worn)
 c - a +1 buckler (worn)
 d - a +0 pair of boots (worn)
Jewellery
 i - a ring of protection from fire (left hand)
 m - a +6 ring of dexterity (right hand)
Wands
 p - a wand of flame (12)
Scrolls
 l - 2 scrolls of blinking
 t - 3 scrolls of identify
 u - a scroll of teleportation
Potions
 f - 2 potions of enlightenment


   Skills:
 + Level 6.6 Fighting
 + Level 5.9 Long Blades
 + Level 2.0 Throwing
 - Level 3.6 Armour
 + Level 6.5 Shields


You had 6 spell levels left.
You didn't know any spells.
Your spell library contained the following spells:

 Spells                   Type           Power      Damage    Failure   Level
 Kiss of Death            Conj/Necr      0%         2d5       86%         1
 Mercury Vapours          Alch/Air       0%         N/A       94%         2
 Confusing Touch          Hex            0%         N/A       99%         3
 Inner Flame              Hex/Fire       0%         N/A       99%         3
 Mephitic Cloud           Conj/Alch/Air  0%         N/A       99%         3
 Dispel Undead            Necr           0%         3d6       100%        4
 Freezing Cloud           Conj/Ice/Air   0%         6-21      100%        5
 Irradiate                Conj/Alch      0%         3d11      100%        5
 Ignition                 Fire           0%         3d3       100%        8


Dungeon Overview and Level Annotations

Branches:
Dungeon (5/15)
 Temple: D:4-7

Altars:
Uskayaw

Annotations:
D:5 1 transporter, biznut's ghost, novice SpEn


Innate Abilities, Weirdness & Mutations

You have a pair of horns on your head.
You reflexively headbutt those who attack you in melee.


Message History

You kill the ogre!
The ogre hits you with a +0 giant club!!
Ouch! That really hurt!
Your life force feels restored.
Your Throwing skill increases to level 2!
The air fills with toxic fumes!
As you read the scroll labelled DEQUIR LUJIS, it crumbles to dust.
It was a scroll of poison.
Press: ? - help, v - describe, . - travel The floor, spattered with blood.
Okay, then.
You feel better.
Okay, then.
As you read the scroll labelled YGAUHE FAOPN, it dissolves into smoke.
It was a scroll of fog.
Blink to where?
Press: ? - help, Dir - move target
Okay, then.
You barely miss biznut's ghost. You headbutt biznut's ghost.
Biznut's ghost is lightly damaged.
Biznut's ghost gestures at you while chanting.
You fall asleep.
Biznut's ghost gestures at you while chanting.
You wake up.
You are confused.
You're too confused to move!
Biznut's ghost hits you.
You are engulfed in poison gas.
You are poisoned.
You feel very sick.
You bump into the stone wall.
You are engulfed in poison gas.
You are lethally poisoned!
* * * LOW HITPOINT WARNING * * *
x2 You feel extremely sick.
Biznut's ghost gestures at you while chanting.
You are more confused.
You feel protected.
* * * LOW HITPOINT WARNING * * *
You feel very sick.
Biznut's ghost hits you but does no damage.
You bump into the stone wall.
You die...

#.....................> ###
#.......†.©.©.....# ..#
####..############## ..#
#.....#☼...☼○§...©## ..#
#.#####§.##§§.##..# ..# #.#
###§#☼§#.#..#.# ..########.#
#.#☼#§§#.#..#.# ..##.......#
#.#○§##...##..#
.....#########.#@W☼O.§§○...#
....######.....#############
...........###.# #.#..#
##...##.######.# #.#..#
.....##.# #....# #.##.#
##.#.##.# #..### #.##.###.##
......#...##..####.#....#..#
......###............##<##.#
....... ##.........####.##.#


You could see an ogre and biznut's ghost.

Vanquished Creatures
  An ogre (D:5)
  A phantom (D:4)
  A scorpion (D:4)
  2 bombardier beetles
  2 hounds (D:4)
  2 orc priests (D:3)
  A gnoll bouda (D:4)
  Jessica (D:2)
  An orc wizard (D:5)
  10 gnolls
  7 adders
  2 dart slugs
  2 ribbon worms (D:5)
  12 orcs
  5 ball pythons
  9 endoplasms
  2 giant cockroaches (D:4)
  5 goblins
  2 hobgoblins
  2 jackals (D:4)
  7 quokkas
  7 bats
  4 kobolds
  2 rats (D:2)
90 creatures vanquished.

Notes
Turn   | Place    | Note
-------+----------+-------------------------------------------
     0 | D:1      | EvilDarkOverLord the Minotaur Fighter began the quest for
                  | the Orb.
     0 | D:1      | Reached XP level 1. HP: 19/19 MP: 0/0
   134 | D:1      | Reached XP level 2. HP: 25/27 MP: 1/1
   546 | D:2      | Reached XP level 3. HP: 11/33 MP: 2/2
   618 | D:2      | Noticed Jessica
   628 | D:2      | Killed Jessica
   879 | D:2      | Found a faded altar of an unknown god.
   883 | D:2      | Reached XP level 4. HP: 41/41 MP: 3/3
   884 | D:3      | Found a hide-covered altar of Uskayaw.
  1092 | D:3      | Reached skill level 5 in Fighting
  1092 | D:3      | Reached skill level 5 in Shields
  1092 | D:3      | Reached XP level 5. HP: 24/48 MP: 4/4
  1563 | D:4      | Reached XP level 6. HP: 38/57 MP: 5/5
  1602 | D:4      | Reached skill level 5 in Long Blades
  1734 | D:4      | Reached skill level 1 in Throwing
  1734 | D:4      | Reached XP level 7. HP: 49/63 MP: 6/6
  1961 | D:5      | Entered Level 5 of the Dungeon
  2146 | D:5      | Noticed biznut's ghost (novice SpEn)
  2147 | D:5      | Found a transporter.
  2147 | D:5      | Identified the +3 dire flail of the Genius {drain, rF+ rN++
                  | Int-4 SInv}
  2152 | D:5      | Found a transporter.
  2174 | D:5      | HP: 1/64 [poisoned by you (poison gas)]
  2175 | D:5      | Succumbed to their own poison gas

Illustrated notes

Levels and vault maps discovered:
D:1:      eino_arrival_cavern_a, layout_basic
D:2:      layout_basic, shapermc_ecumenical_altar_mp_vishouse, minmay_tripent,
          uniq_jessica
D:3:      layout_basic, mainiacjoe_overflow_boulevard, minivault_4
D:4:      minmay_chambers_of_threes, layout_rooms, kennysheep_boxes
D:5:      layout_rooms, mainiacjoe_overflow_alcove_2, gammafunk_ghost_smash

Skill      XL: |  1  2  3  4  5  6  7 |
---------------+----------------------+-----
Fighting       | 4 5 6 |  6.6
Shields        | 4 5 6 |  6.5
Long Blades    | 3 4 5 |  5.9
Throwing       | 1 2 |  2.0
Armour         | |  3.6

Action                     |  1- 3 |  4- 6 |  7- 9 || total
---------------------------+-------+-------+-------++-------
  Melee: Long sword        |    93 |   119 |    62 ||   274
         Headbutt          |    10 |    13 |    19 ||    42
    Use: Potion            |     3 |     1 |     2 ||     6
         Scroll            |     1 |     3 |     2 ||     6
   Stab: Sleeping          |     4 |       |       ||     4
 Armour: Scale mail        |    49 |    88 |    21 ||   158
  Dodge: Dodged            |    37 |    60 |    18 ||   115
  Block: Buckler           |    18 |    40 |    17 ||    75
